 Dungeon Crawl Stone Soup version 0.22-a0-136-g83a10e5 (webtiles) character file.

110 varam the Conjurer (level 4, 0/24 HPs)
             Began as a Gargoyle Fire Elementalist on Feb 2, 2018.
             Slain by a gnoll
             ... wielding a +0 spear
              (8 damage)
             ... on level 3 of the Dungeon.
             The game lasted 00:06:37 (1717 turns).

varam the Conjurer (Gargoyle Fire Elementalist)     Turns: 1717, Time: 00:06:37

Health: 0/24       AC:  5    Str: 12    XL:     4   Next: 91%
Magic:  1/7        EV: 12    Int: 16    God:
Gold:   138        SH:  0    Dex: 10    Spells: 1/7 levels left

rFire    . . .     SeeInvis .   e - +0 spear
rCold    . . .     Gourm    .   (no shield)
rNeg     + . .     Faith    .   a - +0 robe
rPois    ∞         Spirit   .   (no helmet)
rElec    +         Reflect  .   (no cloak)
rCorr    .         Harm     .   (no gloves)
MR       .....                  (no boots)
Stlth    ++........             (no amulet)
HPRegen  0.08/turn              (no ring)
MPRegen  0.10/turn              (no ring)

@: no status effects
A: negative energy resistance 1, electricity resistance, unbreathing,
petrification resistance, rot immunity, AC +3
a: no special abilities


You were on level 3 of the Dungeon.
You were not hungry.

You visited 1 branch of the dungeon, and saw 5 of its levels.

You collected 138 gold pieces.

Inventory:

Hand Weapons
 e - a +0 spear (weapon)
Armour
 a - a +0 robe (worn)
Scrolls
 i - a scroll of magic mapping {unknown}
 j - a scroll of fear {unknown}
Potions
 d - a potion of heal wounds {unknown}
 g - a potion of agility {unknown}
 h - a potion of berserk rage {unknown}
Books
 b - a book of Flames

   Spells                             Type                      Level
   a - Flame Tongue                   Conjuration/Fire             1
   b - Throw Flame                    Conjuration/Fire             2
   c - Conjure Flame                  Conjuration/Fire             3
   d - Inner Flame                    Hexes/Fire                   3
   e - Sticky Flame                   Conjuration/Fire             4
   f - Fireball                       Conjuration/Fire             5
Comestibles
 c - 5 rations
 f - a chunk of flesh


   Skills:
 - Level 1.5 Dodging
 - Level 2.1 Stealth
 - Level 2.0 Spellcasting
 * Level 4.1 Conjurations
 + Level 3.9 Fire Magic


You had one spell level left.
You knew the following spells:

 Your Spells              Type           Power        Failure   Level  Hunger
a - Flame Tongue          Conj/Fire      ##...        4%          1    #......
b - Conjure Flame         Conj/Fire      ##......     12%         3    ###....
z - Throw Flame           Conj/Fire      ##....       6%          2    ###....


Dungeon Overview and Level Annotations

Branches:
Dungeon (5/15)
 Temple: D:4-7

Altars:
Trog

Annotations:
D:2 Sigmund


Innate Abilities, Weirdness & Mutations

You are resistant to torment.
Your stone body is resilient. (AC +3)
You are immune to poison.
You resist negative energy. (rN+)
You are resistant to electric shocks. (rElec)
You can survive without breathing.
You are immune to petrification.
You are immune to rotting.


Message History

The flame tongue hits the gnoll.
The gnoll is moderately wounded.
The gnoll hits you with a spear.
Casting: Flame Tongue (safe; 4% risk of failure)
Confirm with . or Enter, or press ? or * to list all spells.
Aiming: Flame Tongue (safe; 4% risk of failure)
Press: ? - help, Shift-Dir - straight line, f/p - gnoll
Aim: a gnoll, wielding a spear (moderately wounded)
The flame tongue hits the gnoll.
The gnoll is heavily wounded.
The gnoll hits you with a spear.
Casting: Flame Tongue (safe; 4% risk of failure)
Confirm with . or Enter, or press ? or * to list all spells.
Aiming: Flame Tongue (safe; 4% risk of failure)
Press: ? - help, Shift-Dir - straight line, f/p - gnoll
Aim: a gnoll, wielding a spear (heavily wounded)
The flame tongue hits the gnoll.
The gnoll is almost dead.
The gnoll hits you with a spear!
You die...

≈≈≈≈≈≈....≈≈≈≈≈
...g...$.....h. #.####...
#####.h.....#
##....g#####.. #####
#..##### #>..###.##
#########...##g.#
#............@.##
#.#######...####### #.#
##......###...##
#.###..###.÷##.....##
#.##..##.#..#.......#
#.#...#.##..........#
#......##...........#
#..##.....###......######
#.##.#...####...........##
##


You could see a gnoll.

Vanquished Creatures
  A howler monkey (D:4)
  A gnoll (D:3)
  A howler monkey skeleton (D:4)
  2 adders
  An ooze (D:4)
  An adder zombie (D:4)
  2 worms (D:4)
  2 bats
  4 goblins
  2 hobgoblins (D:1)
  2 jackals (D:3)
  2 kobolds (D:1)
  3 frilled lizards
  2 rats (D:1)
26 creatures vanquished.

Notes
Turn   | Place    | Note
-------+----------+-------------------------------------------
     0 | D:1      | varam the Gargoyle Fire Elementalist began the quest for the Orb.
     0 | D:1      | Reached XP level 1. HP: 10/10 MP: 3/3
   278 | D:1      | Reached XP level 2. HP: 15/15 MP: 5/5
   286 | D:1      | Reached skill level 2 in Conjurations
   313 | D:1      | Learned a level 2 spell: Throw Flame
   540 | D:2      | Noticed Sigmund
   570 | D:2      | You fall through a shaft for 2 floors!
   599 | D:4      | HP: 1/15 [adder zombie (3)]
   610 | D:4      | Noticed a howler monkey
   614 | D:4      | Reached XP level 3. HP: 14/19 MP: 1/6
   645 | D:4      | Reached skill level 3 in Conjurations
   645 | D:4      | Reached XP level 4. HP: 8/24 MP: 1/7
  1048 | D:5      | Entered Level 5 of the Dungeon
  1379 | D:3      | Learned a level 3 spell: Conjure Flame
  1549 | D:3      | Found a bloodstained altar of Trog.
  1710 | D:3      | Reached skill level 4 in Conjurations
  1717 | D:3      | Slain by a gnoll

Vault maps used:
D:1:      dpeg_arrival_tiny_a
D:2:      chequers_ecumenical_altar_grove, kennysheep_generic_room_9,
          uniq_jessica, uniq_sigmund
D:3:      lemuel_castle_with_subvaults, marbit_many_paths, bloody_trog,
          minmay_bisected
D:4:      nicolae_overflow_hidden_temple, first_ration
D:5:      lemuel_upstairs_altar, kennysheep_opposing_triangles

Skill      XL: |  1  2  3  4 |
---------------+-------------+-----
Conjurations   | 2 3 4 |  4.1
Dodging        | |  1.5
Stealth        | |  2.1
Spellcasting   | |  2.0
Fire Magic     | |  3.9

Action                   |  1- 3 |  4- 6 || total
-------------------------+-------+-------++-------
Melee: Spear             |    32 |    37 ||    69
       Unarmed           |     1 |       ||     1
 Cast: Flame Tongue      |    18 |    21 ||    39
       Throw Flame       |     4 |    10 ||    14
  Use: Potion            |     3 |       ||     3
       Scroll            |     1 |       ||     1
  Eat: Chunk             |       |     4 ||     4
Armor: Robe              |     9 |    18 ||    27
       Skin              |    12 |       ||    12
Dodge: Dodged            |    30 |    29 ||    59

Table legend:
 A = Spawn XP
 B = Non-spawn XP
 C = Spawn XP percentage of total XP
 D = Spawn monster count
 E = Non-spawn monster count
 F = Spawn count percentage of total count
 G = Total turns spent on level
                    A         B        C        D         E        F      G
               +---------+---------+-------+---------+---------+-------+---------
         Total |       0 |     158 |   0.0 |       0 |      26 |   0.0 |  1717
               +---------+---------+-------+---------+---------+-------+---------
           D:1 |       0 |      16 |   0.0 |       0 |      10 |   0.0 |   557
           D:3 |       0 |      37 |   0.0 |       0 |       8 |   0.0 |   308
           D:4 |       0 |     105 |   0.0 |       0 |       8 |   0.0 |   727
               +---------+---------+-------+---------+---------+-------+---------
